 Dungeon Crawl Stone Soup version 0.30.0-19-g36f170ea60 (webtiles) character file.

Game seed: 15952781930587278759

48323 PaiMei the Tortoise (level 14, -8/92 HPs)
             Began as a Gargoyle Earth Elementalist on May 31, 2023.
             Was a High Priest of Zin.
             Mangled by a dire elephant (28 damage)
             ... on level 5 of the Lair of Beasts.
             The game lasted 01:25:55 (26998 turns).

PaiMei the Tortoise (Gargoyle Earth Elementalist)  Turns: 26998, Time: 01:25:56

Health: -8/92      AC: 23    Str: 12    XL:     14   Next: 45%
Magic:  17/38      EV: 15    Int: 21    God:    Zin [*****.]
Gold:   895        SH:  4    Dex: 10    Spells: 21/35 levels left

rFire   . . .        l - staff of earth
rCold   + . .        Y - +0 buckler
rNeg    + . .        w - +1 ring mail "Bocved" {rC+ Regen+ MP+9}
rPois   ∞            L - +2 hat
rElec   +            a - scarf {repulsion}
rCorr   .            (no gloves)
SInv    .            e - +0 pair of boots
Will    +....        (no amulet)
Stlth   +            v - +5 ring of evasion
HPRegen 1.15/turn    i - ring of wizardry
MPRegen 0.26/turn

%: repel missiles, wizardry (x1)
@: flying, studying Poison Magic
A: sickness immunity, AC +10, big wings, negative energy resistance 1,
electricity resistance, torment resistance 1, petrification resistance
a: Renounce Religion, Recite, Vitalisation, Imprison, Sanctuary, Donate Gold


You were on level 5 of the Lair of Beasts.
You worshipped Zin.
Zin was extremely pleased with you.
You visited 3 branches of the dungeon, and saw 17 of its levels.
You also visited: Bailey.

You collected 1203 gold pieces.
You spent 210 gold pieces at shops.
You donated 98 gold pieces to Zin.

Inventory:

Hand Weapons
 X - a +0 spear of distortion
Missiles
 j - 133 stones
 C - 30 javelins (quivered)
 D - 23 poisoned darts
Armour
 a - a scarf of repulsion (worn)
 e - a +0 pair of boots (worn)
 w - the +1 ring mail "Bocved" (worn) {rC+ Regen+ MP+9}
   (You found it on level 2 of the Dungeon)

   rC:        It protects you from cold.
   MP:        It affects your magic capacity (+9).
   Regen:     It increases your rate of health regeneration.
 L - a +2 hat (worn)
 Y - a +0 buckler (worn)
Magical Staves
 l - a staff of earth (weapon)
Jewellery
 i - a ring of wizardry (right hand)
 v - a +5 ring of evasion (left hand)
 F - a +4 ring of slaying
Wands
 c - a wand of paralysis (20)
 t - a wand of mindburst (22)
 z - a wand of light (9)
 T - a wand of digging (8)
 Z - a wand of roots (2)
Scrolls
 h - a scroll of blinking {unknown}
 o - 2 scrolls of enchant weapon {unknown}
 q - 8 scrolls of teleportation
 r - 2 scrolls of acquirement {unknown}
 u - 4 scrolls of immolation {unknown}
 y - 5 scrolls of magic mapping
 B - a scroll of noise {unknown}
 E - 2 scrolls of silence {unknown}
 G - 2 scrolls of fear {unknown}
 O - a scroll of torment {unknown}
 P - 4 scrolls of enchant armour
 S - a scroll of brand weapon {unknown}
 U - a scroll of butterflies {unknown}
 V - 4 scrolls of amnesia {unknown}
 W - 2 scrolls of fog {unknown}
Potions
 b - 2 potions of magic
 f - a potion of cancellation {unknown}
 g - a potion of curing
 n - 2 potions of ambrosia
 p - 3 potions of attraction
 x - 4 potions of heal wounds
 A - a potion of brilliance
 H - 2 potions of flight {unknown}
 I - 2 potions of resistance {unknown}
 M - 3 potions of haste
 N - a potion of might {unknown}
 R - a potion of invisibility {unknown}
Miscellaneous
 d - a phial of floods
 k - a box of beasts
 Q - a piece from Xom's chessboard (15/15)


   Skills:
 - Level 12.8 Fighting
 + Level 5.6 Staves
 - Level 15.3 Armour
 - Level 1.5 Dodging
 - Level 2.2 Stealth
 - Level 4.2 Shields
 - Level 11.1 Spellcasting
 - Level 0.7 Transmutations
 - Level 13.6 Earth Magic
 + Level 5.4 Invocations
 + Level 4.4 Evocations


You had 21 spell levels left.
You knew the following spells:

 Your Spells              Type           Power      Damage    Failure   Level
a - Sandblast             Erth           100%       2d20      1%          1
b - Passwall              Tmut/Erth      48%        N/A       1%          2
c - Stone Arrow           Conj/Erth      100%       3d13      1%          3
d - Petrify               Tmut/Erth      58%        N/A       2%          4
e - Leda's Liquefaction   Hex/Erth       28%        N/A       3%          4

Your spell library contained the following spells:

 Spells                   Type           Power      Damage    Failure   Level
 Apportation              Tloc           22%        N/A       6%          1
 Foxfire                  Conj/Fire      44%        2x1d6     6%          1
 Necrotise                Necr           44%        1d6       6%          1
 Summon Small Mammal      Summ           44%        N/A       6%          1
 Ensorcelled Hibernation  Hex/Ice        22%        N/A       9%          2
 Call Canine Familiar     Summ           11%        N/A       16%         3
 Portal Projectile        Hex/Tloc       22%        N/A       16%         3
 Swiftness                Air            11%        N/A       16%         3
 Vhi's Electric Charge    Tloc/Air       22%        N/A       16%         3
 Arcjolt                  Conj/Air       5%         1d15      80%         5
 Fireball                 Conj/Fire      5%         3d5       80%         5
 Plasma Beam              Fire/Air       5%         2x1d17    100%        6
 Starburst                Conj/Fire      5%         6d4       100%        6
 Maxwell's Capacitive Co  Air            5%         ∞         100%        8


Dungeon Overview and Level Annotations

Branches:
Dungeon (11/15)            Temple (1/1) D:5            Lair (5/5) D:11
  Swamp (0/4) Lair:2        Snake (0/4) Lair:2        Slime (0/5) Lair:5
    Orc (0/2) D:9          Bailey (visited)

Altars:
Ashenzari
Cheibriados
Dithmenos
Elyvilon
Fedhas
Gozag
Hepliaklqana
Kikubaaqudgha
Makhleb
Nemelex Xobeh
Okawaru
Qazlal
Ru
Sif Muna
Trog
Uskayaw
Vehumet
Wu Jian
Xom
Yredelemnul
Zin
The Shining One
Jiyva

Shops:
D:2 !   D:4 !*=

Annotations:
D:6 1 runed translucent door, Edmund; Fractals's ghost, novice GrDe
Lair:3 2 transporters, rundlesten's ghost, journeyman MiBe
Lair:5 exclusion: obsidian statue


Innate Abilities, Weirdness & Mutations

You are immune to sickness and miasma.
Your stone body is resilient. (AC +10)
You are immune to poison.
Your large and strong wings let you fly.
You resist negative energy. (rN+)
You are resistant to electric shocks. (rElec)
You are resistant to unholy torment.
You are immune to petrification.


Message History

The necromancer gestures wildly while chanting.
The necromancer binds the souls of nearby monsters.
Casting: Stone Arrow (safe; 1% risk of failure)
Confirm with . or Enter, or press ? or * to list all spells.
Aiming: Stone Arrow (safe; 1% risk of failure)
Press: ? - help, Shift-Dir - straight line, f/p - dire elephant
Aim: a dire elephant (almost dead, soul bound, 100% to hit)
You feel a surge of power!
The stone arrow hits the dire elephant!
The dire elephant is almost dead.
The dire elephant tramples you!
You hold your ground!
The dire elephant trunk-slaps you but does no damage.
There is a large open door here.
The dire elephant attacks as you move away!
The dire elephant tramples you but does no damage.
The dire elephant trunk-slaps you but does no damage.
There is a large open door here.
The dire elephant attacks as you move away!
The dire elephant tramples you!!
The dire elephant trunk-slaps you but does no damage.
The dire elephant attacks as you move away!
The dire elephant tramples you.
The dire elephant trunk-slaps you but does no damage.
The dire elephant attacks as you move away!
The dire elephant misses you.
The dire elephant trunk-slaps you but does no damage.
The dire elephant's soul is no longer bound.
The necromancer gestures wildly while chanting.
The necromancer binds the souls of nearby monsters.
There is an open gate here.
The dire elephant attacks as you move away!
The dire elephant tramples you!!
The dire elephant trunk-slaps you but does no damage.
The dire elephant attacks as you move away!
The dire elephant tramples you!
* * * LOW HITPOINT WARNING * * *
The dire elephant completely misses you.
The dire elephant's soul is no longer bound.
The dire elephant attacks as you move away!
The dire elephant tramples you!!
You die...

#...#P..Yp'..~≈~'....)#8..†.'...
#.#.####.8#.~≈≈≈'...!$#|....#..#
##'#P..P#### ≈≈≈≈#8...8#.....####
)..####.p..# ~~.#######8....#P..
...# ####.### .###8P8###..###.##
...##♣♣###P.P#####8.⌠P8#####.[P##
####♣....###...Y.............###P
##♣....#..♣########'''########♣P.
......##P.......@Y........♣......
......^##.#................♣.....
.......##.......................#
................................#
.................................
...............................#.
................................#
................................P
...............................##


You could see a dire elephant.

Vanquished Creatures
  Gastronok (D:8)
  Fannar (Lair:1)
  A hydra (Lair:5)
  A catoblepas (Lair:5)
  3 two-headed ogres
  3 boulder beetles
  4 death yaks
  2 skysharks
  A lindwurm (Lair:3)
  An oklob plant (Lair:1)
  An ugly thing (D:11)
  3 necromancers (Lair:5)
  A cyclops (D:11)
  3 black mambas
  Maurice (D:8)
  19 elephants
  2 torpor snails (Lair:4)
  11 cane toads
  2 rime drakes
  A gargoyle (D:11)
  A freezing wraith (D:11)
  5 komodo dragons
  2 trolls
  A polar bear (Lair:2)
  7 blink frogs
  A hornet (D:9)
  6 dream sheep (Lair:4)
  A spectral elephant (Lair:5)
  2 wraiths
  A dire elephant simulacrum (Lair:5)
  51 yaks
  2 wyverns
  2 basilisks (Lair:3)
  Grum (D:8)
  3 death yak simulacra (Lair:5)
  5 vampire mosquitoes (Lair:2)
  2 steam dragons
  5 nagas (Lair:2)
  An acid dragon (D:9)
  10 water moccasins
  16 orc warriors
  A sky beast (D:7)
  2 ice beasts
  3 elephant zombies (Lair:5)
  4 ogres
  13 centaurs
  2 black bears (D:8)
  12 wolves
  4 kobold brigands
  7 bullfrogs
  4 gnoll sergeants (D:9)
  5 wights (D:7)
  5 killer bees (D:10)
  An electric eel (Lair:2)
  5 howler monkeys
  6 jellies
  2 orc priests
  A hound (D:7)
  4 sleepcaps
  2 iguanas
  6 orc wizards
  5 adders
  11 gnolls
  A shadow imp (D:6)
  A white imp (D:6)
  2 ufetubi
  2 worms (D:3)
  2 dart slugs
  50 orcs
  3 bats
  2 endoplasms (D:2)
  6 giant cockroaches
  6 goblins
  2 hobgoblins
  15 kobolds
  8 quokkas
  5 ball pythons
  A frilled lizard (D:1)
  4 rats
  A butterfly (Lair:4)
403 creatures vanquished.

Vanquished Creatures (others)
  An orc (Bailey)
1 creature vanquished.

Grand Total: 404 creatures vanquished

Notes
Turn   | Place    | Note
-------+----------+-------------------------------------------
     0 | D:1      | PaiMei the Gargoyle Earth Elementalist began the quest for
                  | the Orb.
     0 | D:1      | Reached XP level 1. HP: 10/10 MP: 3/3
   311 | D:1      | Reached XP level 2. HP: 16/16 MP: 5/5
   758 | D:1      | Reached skill level 1 in Armour
   957 | D:1      | Reached skill level 1 in Fighting
  1350 | D:2      | Reached XP level 3. HP: 20/20 MP: 6/6
  1380 | D:2      | Found Gungiall's Distillery.
  1446 | D:2      | Noticed a floating eye
  1448 | D:2      | Noticed a golden eye
  1457 | D:2      | Found a faded altar of an unknown god.
  1459 | D:2      | Noticed an eye of devastation
  1461 | D:2      | Noticed a floating eye
  1877 | D:2      | Identified the +5 scale mail "Bicurpheu" {Str+5}
  1929 | D:2      | Identified the +1 ring mail "Bocved" {rC+ Regen+ MP+9}
  2567 | D:3      | Reached XP level 4. HP: 25/25 MP: 7/7
  2964 | D:3      | Reached skill level 2 in Armour
  3726 | D:4      | Reached XP level 5. HP: 30/30 MP: 9/9
  3735 | D:4      | Learned a level 2 spell: Passwall
  3739 | D:4      | Learned a level 3 spell: Stone Arrow
  3779 | D:4      | Noticed an ice beast
  4160 | D:4      | Killed an ice beast
  4161 | D:4      | Reached skill level 3 in Armour
  4161 | D:4      | Reached skill level 5 in Earth Magic
  4161 | D:4      | Reached XP level 6. HP: 37/37 MP: 8/10
  4271 | D:4      | Found Giehuoz's Distillery.
  4274 | D:4      | You fall into a shaft and drop 1 floor!
  4274 | D:5      | Entered Level 5 of the Dungeon
  4517 | D:5      | Reached XP level 7. HP: 39/41 MP: 12/12
  4697 | D:5      | Found a stormy altar of Qazlal.
  4759 | D:5      | Found a staircase to the Ecumenical Temple.
  4878 | D:5      | Noticed a two-headed ogre
  5395 | D:5      | Found a sparkling altar of Nemelex Xobeh.
  5443 | D:4      | Found Helun's Jewellery Shoppe.
  5653 | D:4      | Bought a potion of haste for 140 gold pieces
  5653 | D:4      | Bought a potion of heal wounds for 70 gold pieces
  5665 | D:4      | Found Inlesah's Assorted Antiques.
  5961 | D:6      | Reached skill level 4 in Armour
  5961 | D:6      | Found a blossoming altar of Fedhas.
  6189 | D:6      | Noticed Fractals's ghost (novice GrDe)
  6192 | D:6      | Found a runed translucent door.
  6581 | D:6      | Noticed Edmund
  6607 | D:6      | Reached XP level 8. HP: 20/48 MP: 14/14
  7039 | D:5      | Found a staircase to the Ecumenical Temple.
  7048 | Temple   | Entered the Ecumenical Temple
  7458 | Temple   | Became a worshipper of Zin the Law-Giver
  7458 | Temple   | Reached * piety under Zin
  7603 | D:7      | Found a flagged portal.
  7622 | D:7      | Reached skill level 5 in Armour
  7623 | D:7      | Reached skill level 5 in Fighting
  7634 | Bailey   | Entered a bailey
  8080 | Bailey   | Reached skill level 5 in Spellcasting
  8389 | Bailey   | Reached XP level 9. HP: 55/55 MP: 9/17
  8607 | Bailey   | Reached skill level 6 in Armour
  9409 | Bailey   | Reached skill level 7 in Armour
 10191 | D:7      | Reached ** piety under Zin
 10284 | D:7      | Reached XP level 10. HP: 63/63 MP: 19/19
 10408 | D:7      | Reached skill level 8 in Armour
 10833 | D:8      | Noticed Maurice
 10847 | D:8      | Paralysed by something for 2 turns
 10908 | D:8      | Paralysed by Maurice for 3 turns
 10962 | D:8      | Paralysed by Maurice for 4 turns
 10967 | D:8      | Killed Maurice
 11093 | D:8      | Reached skill level 9 in Armour
 11504 | D:8      | Noticed Grum
 11667 | D:8      | Killed Grum
 11774 | D:8      | Reached skill level 10 in Earth Magic
 11784 | D:8      | Reached skill level 10 in Armour
 11788 | D:8      | Noticed Gastronok
 11932 | D:8      | Killed Gastronok
 11933 | D:8      | Reached XP level 11. HP: 45/71 MP: 2/22
 12604 | D:9      | Reached skill level 11 in Armour
 12747 | D:9      | Found a shimmering altar of Xom.
 12834 | D:9      | Reached *** piety under Zin
 13271 | D:9      | Found a staircase to the Orcish Mines.
 13913 | D:10     | Entered Level 10 of the Dungeon
 13913 | D:10     | Noticed a two-headed ogre
 13918 | D:10     | Killed a two-headed ogre
 13919 | D:10     | Reached skill level 12 in Armour
 13919 | D:10     | Reached skill level 1 in Shields
 13993 | D:10     | Reached skill level 10 in Fighting
 14603 | D:10     | Found an ornate altar of the Wu Jian Council.
 14840 | D:11     | Found a staircase to the Lair.
 14882 | D:11     | Learned a level 4 spell: Petrify
 14887 | D:11     | Learned a level 4 spell: Leda's Liquefaction
 15253 | D:11     | Noticed a cyan ugly thing
 15253 | D:11     | Noticed a cyclops
 15454 | D:11     | Noticed a two-headed ogre
 15455 | D:11     | Noticed a boulder beetle
 15469 | D:11     | Killed a two-headed ogre
 15470 | D:11     | Reached XP level 12. HP: 78/78 MP: 23/25
 15620 | D:11     | Killed a boulder beetle
 15621 | D:11     | Reached skill level 13 in Armour
 15713 | D:11     | Identified the +4 chain mail of Insurance {Regen+ Dex+6}
 15859 | D:11     | Reached **** piety under Zin
 15867 | D:11     | Noticed a two-headed ogre
 15870 | D:11     | Killed a two-headed ogre
 16344 | Lair:1   | Entered Level 1 of the Lair of Beasts
 16348 | Lair:1   | Found an ancient bone altar of Kikubaaqudgha.
 16435 | Lair:1   | Noticed a boulder beetle
 16454 | Lair:1   | Killed a boulder beetle
 17088 | Lair:1   | Noticed Fannar
 17101 | Lair:1   | Killed Fannar
 17102 | Lair:1   | Reached skill level 14 in Armour
 17580 | Lair:1   | Reached skill level 10 in Spellcasting
 18014 | Lair:1   | Reached XP level 13. HP: 85/85 MP: 26/27
 18651 | Lair:2   | You fall into a shaft and drop 2 floors!
 18830 | Lair:4   | Reached skill level 15 in Armour
 21156 | Lair:3   | Found a transporter.
 21163 | Lair:3   | Noticed rundlesten's ghost (journeyman MiBe)
 21177 | Lair:3   | Found a transporter.
 21522 | Lair:3   | Found a bloodstained altar of Trog.
 21562 | Lair:3   | Reached skill level 1 in Staves
 22525 | Lair:2   | Found a staircase to the Swamp.
 22580 | Lair:2   | Found a staircase to the Snake Pit.
 22612 | Lair:2   | Reached ***** piety under Zin
 23754 | Lair:3   | Reached skill level 1 in Invocations
 23754 | Lair:3   | Reached skill level 1 in Evocations
 24118 | Lair:5   | Entered Level 5 of the Lair of Beasts
 24201 | Lair:4   | Gained mutation: Your large and strong wings let you fly.
                  | [Gargoyle growth]
 24201 | Lair:4   | Reached XP level 14. HP: 88/92 MP: 22/29
 24771 | Lair:5   | Found a viscous altar of Jiyva.
 24886 | Lair:5   | Found a staircase to the Slime Pits.
 25550 | Lair:5   | Noticed a dire elephant
 25550 | Lair:5   | Noticed a dire elephant
 25550 | Lair:5   | Noticed a dire elephant
 25864 | Lair:5   | Reached skill level 5 in Staves
 26085 | Lair:5   | Reached skill level 5 in Invocations
 26998 | Lair:5   | Mangled by a dire elephant

Illustrated notes

Levels and vault maps discovered:
D:1:      minmay_arrival_five_plusses, layout_basic, minmay_misc_feat_tower,
          minmay_heptomino_o4
D:2:      layout_loops_ring, serial_shops, shop,
          hellmonk_ecumenical_altar_watching_god
D:3:      layout_basic, corexii_item_surrounded_by_moat
D:4:      cheibrodos_old_hovel, layout_basic, serial_shops, shop, shop, shop
D:5:      layout_basic, grunt_qazlal_sundering, nemelex_diamond_rough_becter,
          minmay_temple_entry_overgrown
D:6:      layout_basic, mainiacjoe_overflow_catwalk,
          hellmonk_ghost_happy_afterlife, minivault_19, minmay_manual_mess,
          uniq_edmund
D:7:      layout_basic, enter_bailey_2, chequers_jeans
D:8:      layout_rooms, uniq_maurice, uniq_grum, uniq_gastronok
D:9:      layout_loops_ring, mainiacjoe_overflow_surrounded_room,
          kennysheep_orc_monster_closet_entryway
D:10:     layout_rooms, mainiacjoe_overflow_cross_hatched
D:11:     layout_loops_ring, lair_entry_dummy, serial_bayou_lagoon_a,
          grunt_ministairs_1
Temple:   bh_familiar_temple
Lair:1:   layout_regular_city, lemuel_oklob_altar, infiniplex_staircase_pool_2,
          lemuel_fruit_tree, grunt_megastairs_3, uniq_fannar
Lair:2:   layout_cave_pods, minmay_swamp_entry_swarm,
          minmay_snake_entry_guardpost_medium, infiniplex_staircase_pool
Lair:3:   layout_roguey, gammafunk_ghost_wrathful_warriors, grunt_megastairs_4,
          lemuel_fruit_fields
Lair:4:   layout_layer_cave, lemuel_fruit_fields, lemuel_fruit_fields
Lair:5:   due_jungle_book, layout_cave_shapes, nicolae_slime_entry_field_trip

Skill      XL: |  1  2  3  4  5  6  7  8  9 10 11 12 13 14 |
---------------+-------------------------------------------+-----
Armour         | 1 2 3 4 5 7 10 12 14 15 | 15.3
Fighting       | 1 2 3 4 5 7 9 10 11 12 | 12.8
Earth Magic    | 4 5 6 7 9 10 11 12 13 | 13.6
Spellcasting   | 3 4 5 6 7 9 10 11 | 11.1
Shields        | 3 4 |  4.2
Staves         | 3 5 |  5.6
Invocations    | 2 5 |  5.4
Evocations     | 1 4 |  4.4
Dodging        | |  1.5
Stealth        | |  2.2
Transmutations | |  0.7

Action                     |  1- 3 |  4- 6 |  7- 9 | 10-12 | 13-15 || total
---------------------------+-------+-------+-------+-------+-------++-------
  Melee: Club              |    19 |       |       |       |       ||    19
         Punch             |     2 |     1 |       |     1 |       ||     4
         Staff             |   154 |   199 |   106 |   309 |   134 ||   902
   Cast: Sandblast         |     1 |    19 |    12 |    27 |     2 ||    61
         Stone Arrow       |       |     6 |   153 |   308 |   370 ||   837
         Passwall          |       |       |     2 |       |       ||     2
         Petrify           |       |       |       |       |     5 ||     5
    Use: Potion            |       |       |     1 |       |       ||     1
         Scroll            |       |       |       |     6 |     5 ||    11
   Stab: Petrified         |       |       |       |       |     4 ||     4
 Armour: Leather armour    |     6 |       |       |       |       ||     6
         Ring mail         |    92 |    63 |    94 |   242 |   205 ||   696
         Robe              |     2 |       |       |       |       ||     2
  Dodge: Dodged            |   124 |   187 |   176 |   361 |   241 ||  1089
         Repelled          |       |       |       |       |     1 ||     1
  Block: Buckler           |       |       |       |    45 |    65 ||   110
